 Dungeon Crawl Stone Soup version 0.29-a0-304-gb34f9e1 (webtiles) character file.

Game seed: 14932424386309322182

35 Think the Shield-Bearer (level 3, -1/26 HPs)
             Began as an Octopode Fighter on Mar 26, 2022.
             Slain by a goblin
             ... wielding a +0 dagger
             ... led by Robin
              (4 damage)
             ... on level 2 of the Dungeon.
             The game lasted 00:01:52 (976 turns).

Think the Shield-Bearer (Octopode Fighter)           Turns: 976, Time: 00:01:53

Health: -1/26      AC:  1    Str: 15    XL:     3   Next: 33%
Magic:  3/3        EV: 13    Int: 10    God:
Gold:   65         SH:  4    Dex: 13    Spells: 2/2 levels left

rFire   . . .      SeeInvis .   a - +0 rapier
rCold   . . .      Faith    .   b - +0 buckler
rNeg    . . .      Spirit   .   (helmet restricted)
rPois   .          Reflect  .   (no amulet)
rElec   .          Harm     .   (no ring)
rCorr   .          Rampage  .   (no ring)
Will    .....                   (no ring)
Stlth   +++.......              (no ring)
HPRegen 0.08/turn               (no ring)
MPRegen 0.08/turn               (no ring)
                                (no ring)
                                (no ring)

@: mighty
A: almost no armour, amphibious, 8 rings, camouflage 1, gelatinous body 1,
(nimble swimmer 1), tentacles
a: no special abilities


You were on level 2 of the Dungeon.
You visited 1 branch of the dungeon, and saw 2 of its levels.

You collected 65 gold pieces.

Inventory:

Hand Weapons
 a - a +0 rapier (weapon)
Armour
 b - a +0 buckler (worn)
Scrolls
 d - a scroll of amnesia {unknown}
Potions
 e - a potion of mutation {unknown}


   Skills:
 + Level 3.2 Fighting
 * Level 2.5 Short Blades
 + Level 3.2 Dodging
 + Level 1.5 Stealth
 + Level 3.2 Shields


You had 2 spell levels left.
You didn't know any spells.
Your spell library was empty.

Dungeon Overview and Level Annotations

Branches:
Dungeon (2/15)

Altars:

Shops:
D:2 *[


Innate Abilities, Weirdness & Mutations

You cannot wear most types of armour.
You are amphibious.
You can wear up to eight rings at the same time.
Your skin changes colour to match your surroundings (Stealth+).
Your rubbery body absorbs attacks. (AC +1, EV +1)
((You are camouflaged when in or above water. (Stealth+)))
You have tentacles for arms and can constrict up to eight enemies at once.


Message History

You block the rat's attack.
Things that are here:
a +0 club; a ball python corpse; a goblin corpse You completely miss the rat.
Your grab misses the rat.
The rat is moderately wounded.
You block the rat's attack.
You hit the rat. Your grab misses the rat. You squeeze the rat.
You kill the rat!
You closely miss the goblin. You grab the goblin. You squeeze the goblin.
You kill the goblin!
You hit the goblin.
You kill the goblin!
The goblin shoots a sling bullet.
The sling bullet hits you!
The goblin unwields a +3 hunting sling.
The goblin wields a +0 club.
The goblin barely misses you.
Items here: )) ††.
You puncture the goblin!
You kill the goblin!
You barely miss the goblin. You grab the goblin. You constrict the goblin.
The goblin misses you. The goblin hits you with a +0 club.
You barely miss the goblin.
The goblin is moderately wounded.
You constrict the goblin.
You kill the goblin!
You barely miss the goblin. Your grab misses the goblin.
The goblin hits you with a +0 dagger.
* * * LOW HITPOINT WARNING * * *
You hit the goblin but do no damage. Your grab misses the goblin.
The goblin hits you with a +0 dagger.
* * * LOW HITPOINT WARNING * * *
You feel very mighty all of a sudden. You block the goblin's attack.
You barely miss the goblin. Your grab misses the goblin.
The goblin hits you with a +0 dagger.
* * * LOW HITPOINT WARNING * * *
You puncture the goblin!
You kill the goblin!
You completely miss the goblin. Your grab misses the goblin.
The goblin hits you with a +0 dagger.
You die...

####..... ##.....g..
##.gg...... #..g.......
#.......... #g#........
#g#####.... #g# ##.
####@# ##+## ##.##)#
##...## ##...#.#
##.....## #......#
##.......##
##.....####.........###
##..)..............'..
#####.......P.........###
#...........∩........##
#......##....P......##


You could see a hobgoblin and 2 goblins.

Vanquished Creatures
  An adder (D:2)
  A worm (D:2)
  2 endoplasms (D:2)
  A hobgoblin (D:2)
  A kobold (D:1)
  2 ball pythons
  A bat (D:2)
  2 frilled lizards (D:2)
  10 goblins
  A rat (D:2)
22 creatures vanquished.

Vanquished Creatures (others)
  2 plants (D:2)
2 creatures vanquished.

Grand Total: 24 creatures vanquished

Notes
Turn   | Place    | Note
-------+----------+-------------------------------------------
     0 | D:1      | Think the Octopode Fighter began the quest for the Orb.
     0 | D:1      | Reached XP level 1. HP: 16/16 MP: 1/1
   159 | D:1      | You fall into a shaft and drop 1 floor!
   164 | D:2      | Reached XP level 2. HP: 14/21 MP: 2/2
   318 | D:2      | Reached skill level 1 in Stealth
   326 | D:2      | Found Agaerghuo's Antique Armour Boutique.
   527 | D:2      | Found Adoomn's Assorted Antiques.
   601 | D:2      | Reached XP level 3. HP: 10/26 MP: 3/3
   976 | D:2      | Slain by a goblin

Illustrated notes

Levels and vault maps discovered:
D:1:      nicolae_arrival_washed_ashore, layout_loops_ring,
          shapermc_ecumenical_altar_gd
D:2:      cheibrodos_pilgrimage, layout_loops_corners, serial_shops,
          nicolae_square_shop, nicolae_shop_overgrown_old_shop,
          nicolae_square_shop, uniq_robin, uniq_sigmund

Skill      XL: |  1  2 |
---------------+-------+-----
Stealth        | 1 |  1.5
Fighting       | |  3.2
Short Blades   | |  2.5
Dodging        | |  3.2
Shields        | |  3.2

Action                   || total
-------------------------++-------
Melee: Rapier            ||    41
       Constrict         ||    11
       Tentacles         ||     9
  Use: Potion            ||     1
 Stab: Sleeping          ||     3
Armor: Skin              ||     2
Dodge: Dodged            ||    22
Block: Buckler           ||    10

Table legend: (Time is in decaauts)
 A = Elapsed time spent in this place.
 B = Non-inter-level travel time spent in this place.
 C = Inter-level travel time spent in this place.
 D = Time resting spent in this place.
 E = Time spent auto-exploring this place.
 F = Levels seen in this place.
 G = Mean time per level.
                   A        B        C        D        E       F      G
               +--------+--------+--------+--------+--------+-----+--------+
         Total |    979 |    979 |      0 |    100 |    750 |   2 |  489.5 |
       Dungeon |    979 |    979 |      0 |    100 |    750 |   2 |  489.5 |
               +--------+--------+--------+--------+--------+-----+--------+

Top non-repeatable levels by time:
     D:2: 820 daAuts
     D:1: 159 daAuts
